 Dungeon Crawl Stone Soup version 0.28-a0-1594-ga885d4b3d6 (webtiles) character file.

Game seed: 18396417569873624058

64 kae the Ruffian (level 3, -4/29 HPs)
             Began as a Draconian Transmuter on Jan 20, 2022.
             Slain by an ogre (22 damage)
             ... on level 4 of the Dungeon.
             The game lasted 00:01:12 (2565 turns).

kae the Ruffian (Draconian Transmuter)              Turns: 2565, Time: 00:01:13

Health: -4/29      AC:  5    Str: 12    XL:     3   Next: 91%
Magic:  6/6        EV: 12    Int: 15    God:
Gold:   82         SH:  0    Dex: 11    Spells: 5/6 levels left

rFire   . . .      SeeInvis .     - Unarmed
rCold   . . .      Faith    .   (no shield)
rNeg    . . .      Spirit   .   (armour unavailable)
rPois   .          Reflect  .   (helmet restricted)
rElec   .          Harm     .   (no cloak)
rCorr   .          Rampage  .   (no gloves)
Will    .....                   (no boots)
Stlth   +.........              (no amulet)
HPRegen 0.09/turn               (no ring)
MPRegen 0.10/turn               (no ring)

@: no status effects
A: AC +5, unfitting armour, cold-blooded
a: no special abilities


You were on level 4 of the Dungeon.
You visited 1 branch of the dungeon, and saw 4 of its levels.

You collected 82 gold pieces.

Inventory:

Scrolls
 d - a scroll of identify
Potions
 a - a potion of brilliance
 b - a potion of haste


   Skills:
 + Level 1.7 Fighting
 + Level 2.1 Dodging
 * Level 3.6 Unarmed Combat
 + Level 2.4 Spellcasting
 * Level 2.7 Transmutations


You had 5 spell levels left.
You knew the following spells:

 Your Spells              Type           Power      Damage    Failure   Level
a - Beastly Appendage     Tmut           20%        N/A       7%          1

Your spell library contained the following spells:

 Spells                   Type           Power      Damage    Failure   Level
 Wereblood                Tmut           10%        N/A       11%         2
 Sublimation of Blood     Necr           1%         N/A       32%         2
 Spider Form              Tmut/Pois      5%         N/A       36%         3
 Ice Form                 Ice/Tmut       5%         N/A       77%         4
 Summon Hydra             Summ           0%         N/A       100%        7


Dungeon Overview and Level Annotations

Branches:
Dungeon (4/15)
 Temple: D:4-7

Altars:
Cheibriados
Dithmenos
Wu Jian
Zin


Innate Abilities, Weirdness & Mutations

Your plain brown scales are hard. (AC +5)
You cannot fit into any form of body armour.
You are cold-blooded and may be slowed by cold attacks.


Message History

HP restored.
A ball python comes into view.
The ball python hisses angrily.
A ball python is nearby!
A ball python is nearby!
Casting: Beastly Appendage (safe; 7% risk of failure)
Confirm with . or Enter, or press ? or * to list all spells.
You grow a pair of large bovine horns.
Your feet morph into talons.
The ball python barely misses you. The ball python grabs you.
The ball python constricts you.
You hit the ball python.
You kill the ball python!
No target in view!
Your transformation is almost over.
An ogre comes into view. It is wielding a +0 giant club.
The ogre shouts!
You see here a cyan potion.
An ogre is nearby!
Found 10 sling bullets.
The ogre hits you with a +0 giant club!
You are too injured to fight recklessly!
An ogre is nearby!
You are too injured to fight recklessly!
You are too injured to fight recklessly!
You are too injured to fight recklessly!
You are too injured to fight recklessly!
You barely miss the ogre. You claw the ogre, but do no damage.
Your headbutt misses the ogre. You punch the ogre! You tail-slap the ogre.
The ogre is moderately wounded.
The ogre barely misses you.
You hit the ogre. You claw the ogre.
You headbutt the ogre, but do no damage.
The ogre is severely wounded.
The ogre barely misses you.
You hit the ogre.
Your tail-slap misses the ogre.
The ogre is severely wounded.
Your horns disappear.
Your talons disappear.
The ogre hits you with a +0 giant club!!
Ouch! That really hurt!
You die...

........♣..##.#
........♣♣..#.#
..............#
≈≈≈≈≈≈........#
≈####≈≈.......#
##≈...!.♣.#
#≈....♣..#
#≈.....♣.#
#≈.@.....#
#≈≈O......#
≈≈≈≈≈........#
.............#
.......♣♣..#.#
....... ..#.#
....... #.# #
..♣..(. .#


You could see an ogre.

Vanquished Creatures
  An adder (D:3)
  2 worms (D:2)
  A dart slug (D:1)
  2 orcs (D:3)
  6 ball pythons
  6 endoplasms
  A giant cockroach (D:2)
  4 goblins
  4 hobgoblins
  2 quokkas
  4 bats
  2 frilled lizards (D:1)
  5 kobolds
  4 rats
44 creatures vanquished.

Notes
Turn   | Place    | Note
-------+----------+-------------------------------------------
     0 | D:1      | kae the Draconian Transmuter began the quest for the Orb.
     0 | D:1      | Reached XP level 1. HP: 16/16 MP: 3/3
     6 | D:1      | Noticed a swamp drake
     6 | D:1      | Noticed a lindwurm
     7 | D:1      | Noticed an anaconda
   101 | D:1      | Reached XP level 2. HP: 7/23 MP: 3/5
   971 | D:2      | Found a faded altar of an unknown god.
  1181 | D:2      | Reached XP level 3. HP: 25/28 MP: 4/6
  1847 | D:3      | Found a shadowy altar of Dithmenos.
  2016 | D:3      | Found a glowing silver altar of Zin.
  2073 | D:3      | Found a snail-covered altar of Cheibriados.
  2125 | D:3      | Found an ornate altar of the Wu Jian Council.
  2558 | D:4      | Noticed an ogre
  2565 | D:4      | Slain by an ogre

Illustrated notes

Levels and vault maps discovered:
D:1:      onia_arrival_zoo_common, layout_rooms
D:2:      layout_loops_cross, basic_ecumenical_altar
D:3:      layout_basic, cheibriados_altar_1, zin_treasury,
          mainiacjoe_overflow_small_starburst,
          mainiacjoe_overflow_surrounded_room
D:4:      layout_basic, mainiacjoe_overflow_alcove_1,
          hangedman_abyss_or_decor_lesser_grid, kennysheep_decorative_pillar,
          minmay_diced_spiral

Skill      XL: |  1  2 |
---------------+-------+-----
Dodging        | 2 |  2.1
Fighting       | |  1.7
Unarmed Combat | |  3.6
Spellcasting   | |  2.4
Transmutations | |  2.7

Action                   || total
-------------------------++-------
Melee: Unarmed           ||   115
       Kick              ||    19
       Headbutt          ||    16
       Tailslap          ||    15
 Cast: Beastly Appendage ||    31
  Use: Scroll            ||     6
Armor: Skin              ||    26
Dodge: Dodged            ||    65

Table legend: (Time is in decaauts)
 A = Elapsed time spent in this place.
 B = Non-inter-level travel time spent in this place.
 C = Inter-level travel time spent in this place.
 D = Time resting spent in this place.
 E = Time spent auto-exploring this place.
 F = Levels seen in this place.
 G = Mean time per level.
                   A        B        C        D        E       F      G
               +--------+--------+--------+--------+--------+-----+--------+
         Total |   2558 |   2484 |     74 |      6 |   2136 |   4 |  639.5 |
       Dungeon |   2558 |   2484 |     74 |      6 |   2136 |   4 |  639.5 |
               +--------+--------+--------+--------+--------+-----+--------+

Top non-repeatable levels by time:
     D:1: 967 daAuts
     D:2: 815 daAuts
     D:3: 685 daAuts
     D:4: 90 daAuts
